AoeStats
← Enki

Arena

510154605Analyzed
4v4 RM · 3d ago on Sep 29, 2026· 45m 25s· 8 players
Game mode
Random Map
Map size
Large (8 player)
Population
200
Speed
Normal
Resources
Standard
Victory
Conquest
Starting age
Dark Age
Ending age
Imperial Age
RankedLock teamsTeams togetherTeam positionsShared explorationLock speedFull tech treeHidden civsTurbo modeCheats
Victory
Defeat
🇦🇷 Huns · Argentina
939
+10
🇦🇷 Franks · Argentina
831
+14
🇨🇿 Byzantines · Czechia
827
+14
🇺🇸 Teutons · United States
698
+21
🇺🇸 Turks · United States
823
-16
🇵🇪 Bohemians · Peru
818
-16
🇹🇼 Huns · Taiwan
772
-14
🇨🇳 Chinese · China
753
-13
MousePuddles
13:08 Feudal Age
13:44 Double-Bit Axe
13:43 Horse Collar
20:03 Castle Age
21:01 Caravan
23:25 Bow Saw
23:17 Heavy Plow
23:15 Gold Mining
24:25 Bloodlines
24:16 Husbandry
27:29 Wheelbarrow
26:40 Town Watch
31:29 Imperial Age
29:21 Hand Cart
32:51 Heavy Camel Rider
35:38 Scale Barding Armor
35:45 Forging
37:21 Chain Barding Armor
40:30 Iron Casting
43:31 Blast Furnace
aaaaa
1:27 Loom
14:41 Feudal Age
20:45 Double-Bit Axe
20:42 Horse Collar
21:41 Stone Mining
21:43 Gold Mining
26:26 Castle Age
36:23 Pikeman
37:03 Squires
38:23 Forging
38:13 Scale Mail Armor
joaolex1978
2:26 Loom
12:05 Feudal Age
15:09 Double-Bit Axe
15:12 Horse Collar
20:33 Castle Age
22:40 Bow Saw
22:32 Heavy Plow
22:11 Pikeman
24:35 Chemistry
24:05 Squires
24:29 Town Watch
32:33 Imperial Age
31:00 Wheelbarrow
31:17 Fortified Wall
33:04 Hand Cart
35:06 Forging
34:57 Scale Mail Armor
35:57 Halberdier
36:42 Scale Mail Armor
36:53 Forging
38:02 Two-Man Saw
38:32 Conscription
39:05 Iron Casting
38:45 Chain Mail Armor
41:17 Town Patrol
41:15 Elite Skirmisher
42:26 Conscription
43:24 Plate Mail Armor
43:55 Blast Furnace
863111034
12:03 Feudal Age
12:02 Loom
20:45 Castle Age
21:26 Wheelbarrow
20:40 Double-Bit Axe
20:39 Horse Collar
21:15 Bloodlines
22:53 Husbandry
23:03 Scale Barding Armor
26:41 Stone Mining
28:25 Chain Barding Armor
30:17 Stone Shaft Mining
29:33 Gold Mining
32:19 Bow Saw
F o r k B e a r d
9:14 Loom
12:01 Feudal Age
17:00 Castle Age
15:18 Double-Bit Axe
15:51 Horse Collar
17:34 Wheelbarrow
18:31 Heavy Plow
26:56 Fortified Wall
28:29 Hand Cart
28:00 Town Watch
29:26 Stone Mining
29:50 Bow Saw
34:15 Imperial Age
32:04 Gold Mining
32:32 Caravan
33:37 Stone Shaft Mining
33:25 Ballistics
33:16 Masonry
34:10 Town Patrol
34:17 Scale Barding Armor
34:13 Scale Mail Armor
36:24 Crenellations
36:45 Hoardings
36:42 Forging
36:47 Chain Mail Armor
38:34 Chain Barding Armor
38:49 Iron Casting
38:19 Cavalier
39:09 Bloodlines
40:03 Coinage
39:44 Guilds
40:36 Two-Man Saw
40:43 Chemistry
39:28 Paladin
41:59 Conscription
42:32 Crop Rotation
41:50 Pikeman
42:31 Squires
42:16 Gambesons
44:11 Banking
45:35 Plate Barding Armor
46:15 Blast Furnace
45:42 Ironclad
44:47 Halberdier
TermodeMiller
11:07 Feudal Age
11:37 Double-Bit Axe
13:29 Loom
15:04 Wheelbarrow
15:03 Gold Mining
18:27 Stone Mining
21:40 Castle Age
21:16 Scale Barding Armor
21:02 Fletching
21:56 Crossbowman
22:39 Bodkin Arrow
23:14 Town Watch
24:56 Husbandry
28:26 Hand Cart
31:23 Ballistics
31:14 Fortified Wall
32:57 Bow Saw
41:03 Caravan
44:29 Imperial Age
44:00 Chain Barding Armor
43:51 Forging
43:42 Scale Mail Armor
44:28 Pikeman
45:08 Squires
Drako
9:28 Loom
11:57 Feudal Age
12:53 Man-at-Arms
13:52 Double-Bit Axe
15:41 Horse Collar
20:10 Castle Age
18:31 Fletching
19:48 Wheelbarrow
21:19 Bow Saw
20:38 Crossbowman
21:41 Long Swordsman
26:48 Bodkin Arrow
27:04 Forging
33:23 Imperial Age
34:24 Capped Ram
34:45 Arbalester
37:09 Chemistry
36:26 Heavy Camel Rider
38:26 Light Cavalry
39:08 Husbandry
39:54 Hussar
42:54 Ballistics
43:39 Fortified Wall
44:31 Iron Casting
45:10 Two-Handed Swordsman
Enki
0:34 Loom
11:20 Feudal Age
16:43 Castle Age
16:39 Double-Bit Axe
16:40 Horse Collar
19:29 Bow Saw
19:23 Heavy Plow
24:31 Wheelbarrow
29:35 Imperial Age
27:21 Town Watch
28:16 Gold Mining
28:57 Forging
28:53 Scale Barding Armor
29:19 Hand Cart
30:13 Iron Casting
29:48 Town Patrol
30:30 Bloodlines
30:56 Conscription
29:59 Cavalier
31:10 Chain Barding Armor
31:18 Husbandry
33:29 Plate Barding Armor
33:55 Blast Furnace
37:32 Paladin
39:39 Fletching
44:08 Bodkin Arrow
Connection lost

Rejoining the realm…

Still unreachable

The connection could not be restored.

Session expired

The server has moved on; the page needs a fresh start.